 Dungeon Crawl Stone Soup version 0.31.0-11-ge490571c62 (webtiles) character file.

Game seed: 8203240042853491680

9 qw the Shooter (level 2, -1/14 HPs)
             Began as a Spriggan Hunter on Feb 4, 2024.
             Frozen to death by an endoplasm (2 damage)
             ... on level 2 of the Dungeon.
             The game lasted 00:00:01 (744 turns).

qw the Shooter (Spriggan Hunter)                     Turns: 744, Time: 00:00:01

Health: -1/14      AC:  2    Str:  7    XL:     2   Next: 3%
Magic:  3/3        EV: 18    Int: 10    God:
Gold:   48         SH:  0    Dex: 18    Spells: 1/1 levels left

rFire   . . .        a - +1 shortbow
rCold   . . .        (shield currently unavailable)
rNeg    . . .        c - +0 robe
rPois   .            (helmet restricted)
rElec   .            (no cloak)
rCorr   .            (gloves unavailable)
SInv    +            (boots unavailable)
Will    .....        j - amulet of the acrobat
Stlth   ++           (no ring)
HPRegen 0.22/turn    (no ring)
MPRegen 0.08/turn

%: acrobat
@: very quick
A: very small, no large weapons, unfitting armour, see invisible, speed 3
a: no special abilities


You were on level 2 of the Dungeon.
You visited 1 branch of the dungeon, and saw 2 of its levels.

You collected 48 gold pieces.


Innate Abilities, Weirdness & Mutations

You are very small and have problems with some larger weapons.
You are too small for most types of armour.
You have supernaturally acute eyesight. (SInv)
You cover ground extremely quickly. (Speed+++)


   Skills:
 - Level 1.5 Fighting
 - Level 4.0 Ranged Weapons
 + Level 3.8 Dodging
 - Level 1.5 Stealth


You had one spell level left.
You didn't know any spells.
Your spell library was empty.

Inventory:

Hand Weapons
 a - a +1 shortbow (weapon)
Armour
 c - a +0 robe (worn)
Jewellery
 j - an amulet of the acrobat (around neck)
Potions
 g - a potion of invisibility {unknown}
 h - a potion of cancellation {unknown}

Dungeon Overview and Level Annotations

Branches:
Dungeon (2/15)

Altars:

Shops:
D:1 :


Message History

Your +0 shortbow glows red for a moment.
Done exploring.
699 ||| DROPPING scroll of butterflies.
You drop a scroll of butterflies.
Done exploring.
700 ||| DROPPING scroll of immolation.
You drop a scroll of immolation.
Done exploring.
What level of the Dungeon? (default 1, ? - help)
There is a stone staircase leading down here.
You climb downwards.
There is a stone staircase leading up here.
Waypoint 1 assigned to D:2.
There is a stone staircase leading up here.
An endoplasm, a dart slug and an adder come into view.
Found a flux talisman.
The endoplasm quivers.
The adder hisses angrily.
You shoot an arrow. The arrow misses the adder.
You shoot an arrow. The arrow barely misses the adder.
You shoot an arrow. The arrow hits the adder.
The adder is moderately wounded.
The adder misses you.
You shoot an arrow. The arrow closely misses the adder.
The adder completely misses you. The endoplasm closely misses you.
You shoot an arrow. The arrow misses the adder.
The adder bites you. The endoplasm barely misses you.
The adder closely misses you.
You shoot an arrow. The arrow hits the adder.
The adder is severely wounded.
The endoplasm closely misses you. The adder closely misses you.
The dart slug misses you.
You shoot an arrow. The arrow closely misses the adder.
The adder bites you. The endoplasm freezes you.
You are frozen.
The dart slug launches a dart at you. The slug dart hits you.
The adder misses you.
A hobgoblin comes into view. It is wielding a +0 long sword.
The endoplasm freezes you.
You are frozen.
You die...

#.# ... #####.# ..
...... .. ....##.
.|... . ...# ...
#w.#.....
####@J.....#
#...#S###...
#...#....
########<........
...............#...
############.#.# .#
.#.# g .#.# #


You could see an adder, a dart slug, an endoplasm and a hobgoblin (wandering).

Vanquished Creatures
  A dart slug (D:1)
  An endoplasm (D:1)
  A hobgoblin (D:1)
  A quokka (D:1)
  A ball python (D:1)
  A bat (D:1)
  A frilled lizard (D:1)
7 creatures vanquished.

Notes
Turn   | Place    | Note
-------+----------+-------------------------------------------
     0 | D:1      | qw the Spriggan Hunter began the quest for the Orb.
     0 | D:1      | Reached XP level 1. HP: 10/10 MP: 2/2
     0 | D:1      | 0 ||| qw: Version: 0.3-a-160-g6735b56
     0 | D:1      | 0 ||| qw: Game counter: 4652
     0 | D:1      | 0 ||| qw: Melee chars always use a shield: true
     0 | D:1      | 0 ||| qw: God list: Okawaru
     0 | D:1      | 0 ||| qw: Allow faded altars: false
     0 | D:1      | 0 ||| qw: Do Orc after clearing Dungeon:15 true
     0 | D:1      | 0 ||| qw: Do second Lair branch before Depths: true
     0 | D:1      | 0 ||| qw: Lair rune preference: random
     0 | D:1      | 0 ||| qw: Goals: Normal
     0 | D:1      | 0 ||| PLANNING D:1-11
   101 | D:1      | Found Enedaal's Book Shop.
   186 | D:1      | Reached skill level 3 in Dodging
   383 | D:1      | Reached XP level 2. HP: 14/14 MP: 3/3
   585 | D:1      | 585 ||| UPGRADING to amulet of the acrobat.
   590 | D:1      | 590 ||| READING scroll labelled BEITINTIEC.
   595 | D:1      | 595 ||| READING scroll labelled CAIXTU JONT.
   696 | D:1      | 696 ||| READING 2 scrolls labelled FORCHI LEANWIEL.
   697 | D:1      | 697 ||| READING scroll labelled DEAQECSAR ZAQID.
   698 | D:1      | 698 ||| READING scroll labelled JAXIGYE TAOL.
   698 | D:1      | 698 ||| ENCHANTING +0 shortbow.
   699 | D:1      | 699 ||| DROPPING scroll of butterflies.
   700 | D:1      | 700 ||| DROPPING scroll of immolation.
   744 | D:2      | HP: 1/14 [dart slug/slug dart (5)]
   744 | D:2      | Frozen to death by an endoplasm

Levels and vault maps discovered:
D:1:      wheals_arrival_linesprint, layout_loops_ring, serial_shops,
          nicolae_shop_tiny_statue_garden
D:2:      layout_basic, dreamdust_ecumenical_altar_hidden_monk_grotto

Skill      XL: |  1 |
---------------+----+-----
Dodging        | 3 |  3.8
Fighting       | |  1.5
Ranged Weapons | |  4.0
Stealth        | |  1.5

Action                     || total
---------------------------++-------
   Fire: Shortbow          ||    22
    Use: Scroll            ||     5
 Armour: Robe              ||     3
  Dodge: Dodged            ||    12

Table legend:
 A = Non-vault XP
 B = Vault XP
 C = Vault XP percentage of total XP
 D = Non-vault monster count
 E = Vault monster count
 F = Vault count percentage of total count
                 A         B        C        D         E       F
            +---------+---------+-------+---------+---------+-------
      Total |      13 |       0 |   0.0 |       7 |       0 |   0.0
            +---------+---------+-------+---------+---------+-------
        D:1 |      13 |       0 |   0.0 |       7 |       0 |   0.0
            +---------+---------+-------+---------+---------+-------
